Map: Disco Bloodbath LE

Players

Clem - Winner!

  • Race: Terran Terran
  • Spawn Location: 3:00

Shyrshadi

  • Race: Protoss Protoss
  • League: Master
  • Spawn Location: 9:00

VOD

Have the link to the VOD?

Description

Time

  • Played on: Sept. 6, 2019, 12:20 p.m.
  • Length: 6:33
Show
View Real Time Build Order
Export as new Build Order

Clem Terran - Winner!

Build Orders: Reaper Expand 

Get SALT Encoding   

  12  0:00  SCV  
  13  0:12  SCV  
  14  0:17  Supply Depot  
  14  0:24  SCV  
  15  0:38  SCV  
  15  0:40  Barracks  
  16  0:42  Refinery  
  16  0:50  SCV  
  17  1:02  SCV  
  18  1:15  SCV  
  19  1:27  Orbital Command, Reaper  
  20  1:38  Command Center  
  20  1:46  Supply Depot  
  20  1:53  SCV  
  21  1:59  Marine  
  22  2:05  Factory  
  22  2:08  SCV  
  23  2:16  Refinery  
  23  2:19  Barracks Reactor  
  23  2:20  SCV  
  24  2:32  SCV  
  25  2:44  SCV  
  26  2:51  Orbital Command  
  26  2:52  Widow Mine  
  26  2:54  Starport  
  26  2:56  Marine x2  
  30  3:00  Bunker, SCV  
  31  3:10  Barracks  
  31  3:12  SCV  
  31  3:14  Widow Mine  
  31  3:17  SCV  
  34  3:20  Marine  
  34  3:21  Marine  
  34  3:25  SCV  
  37  3:29  SCV  
  37  3:32  Supply Depot  
  37  3:33  Medivac  
  40  3:36  Factory Tech Lab  
  40  3:37  SCV  
  41  3:42  Engineering Bay  
  41  3:44  SCV  
  41  3:46  Marine  
  41  3:47  Marine  
  44  3:50  SCV  
  44  3:55  Supply Depot  
  45  3:56  SCV  
  45  4:02  SCV  
  47  4:04  Marine  
  47  4:05  Stimpack, Marine  
  47  4:08  SCV  
  47  4:09  Terran Infantry Weapons Level 1  
  50  4:14  Marauder, SCV  
  53  4:20  SCV  
  53  4:21  Barracks  
  54  4:25  Refinery  
  54  4:26  Starport Reactor  
  54  4:28  Factory Reactor  
  54  4:31  SCV  
  55  4:32  SCV  
  55  4:36  Marauder  
  55  4:37  Supply Depot  
  58  4:39  Marine  
  58  4:41  Marine  
  58  4:43  SCV  
  61  4:46  SCV  
  62  4:58  SCV, Marine x2  
  62  4:59  Marauder  
  67  5:00  SCV  
  67  5:03  Supply Depot  
  67  5:05  Refinery  
  68  5:07  Medivac  
  68  5:09  Barracks Tech Lab  
  70  5:14  Barracks Tech Lab, Supply Depot  
  70  5:19  Medivac  
  70  5:24  SCV, Marine  
  70  5:25  Widow Mine x2, Marauder  
  70  5:26  Supply Depot  
  78  5:35  Marine  
  78  5:36  Marauder, SCV  
  78  5:40  Supply Depot  
  82  5:43  Marine  
  82  5:44  Medivac, SCV  
  82  5:48  Marauder, SCV  
  89  5:53  Marine  
  89  5:56  SCV  
  91  5:57  Marine  
  91  5:59  Command Center  
  91  6:01  Supply Depot  
  91  6:02  Widow Mine x2  
  98  6:09  Supply Depot  
  98  6:11  Marine  
Show
View Real Time Build Order
Export as new Build Order

Shyrshadi Protoss 

Build Orders: 1 Gate Expand, Phoenix Opening, Blink Stalkers 

Get SALT Encoding   

  12  0:00  Probe  
  13  0:13  Probe  
  14  0:19  Pylon  
  14  0:24  Probe  
  15  0:33  Probe  
  15  0:39  Gateway  
  15  0:41  Probe  
  16  0:45  Assimilator  
  17  0:52  Probe  
  18  1:04  Probe  
  19  1:16  Probe  
  20  1:23  Nexus  
  20  1:33  Cybernetics Core  
  20  1:41  Probe, Assimilator  
  21  1:49  Pylon  
  21  1:53  Probe  
  22  1:59  Adept  
  22  2:06  Probe  
  22  2:10  Warp Gate  
  24  2:18  Probe  
  25  2:29  Sentry  
  27  2:30  Probe  
  27  2:35  Probe  
  29  2:42  Probe  
  30  2:47  Probe  
  31  2:52  Twilight Council  
  31  2:53  Probe  
  31  2:56  Probe  
  32  3:01  Probe  
  32  3:03  Phoenix  
  32  3:04  Probe  
  33  3:09  Probe  
  33  3:11  Gateway  
  34  3:12  Probe  
  34  3:16  Blink  
  34  3:17  Stalker  
  38  3:21  Probe x2  
  40  3:29  Probe  
  40  3:33  Probe  
  42  3:34  Pylon  
  42  3:40  Probe  
  43  3:45  Probe  
  44  3:52  Probe  
  44  3:54  Robotics Facility  
  45  3:57  Probe  
  45  3:59  Assimilator, Stalker  
  48  4:04  Pylon  
  48  4:05  Probe  
  48  4:07  Stalker  
  48  4:09  Probe  
  52  4:17  Probe  
  52  4:21  Probe  
  54  4:32  Probe  
  54  4:33  Probe, Nexus  
  54  4:35  Pylon  
  54  4:37  Stalker x2  
  60  4:43  Observer  
  61  4:48  Probe  
  62  4:53  Probe  
  59  5:08  Probe x2  
  59  5:11  Observer, Forge  
  62  5:20  Probe x2  
  64  5:21  Stalker x2  
  68  5:32  Observer  
  68  5:35  Gateway  
  69  5:37  Gateway x2  
  69  5:42  Gateway  
  69  5:47  Gateway, Pylon  
  67  5:59  Zealot x2  
  67  6:20  Zealot x2  
Tags
 
Add a new tag
Caveats
  • Supply blocks, unpowered buildings, or Contaminate may cause inaccurate times.
  • Supply counts are checked every 10 seconds.